 Dungeon Sprint DCSS version 0.24.1-14-gf8d2b509d9 (webtiles) character file.

Game seed: 9612075275907791559, levelgen mode: deterministic

22003 Hugehornet the Unseen (level 12, -19/90 HPs)
             Began as an Octopode Transmuter on May 16, 2020.
             Was a High Priest of Cheibriados.
             Demolished by a fire giant
             ... wielding a +0 great sword of flaming
              (24 damage)
             ... in the Dungeon (Sprint I: "Red Sonja").
             The game lasted 00:28:34 (3528 turns).

Hugehornet the Unseen (Octopode Transmuter)         Turns: 3528, Time: 00:28:34

Health: -19/90     AC:  5    Str: 23    XL:     12   Next: 95%
Magic:  12/24      EV: 27    Int: 35    God:    Cheibriados [*****.]
Gold:   408        SH:  0    Dex: 32    Spells: 17/32 levels left

rFire    + . .     SeeInvis +     - Unarmed
rCold    + . .     Gourm    .   (shield currently unavailable)
rNeg     . . .     Faith    .   m - +2 hat {SInv}
rPois    .         Spirit   .   (no amulet)
rElec    .         Reflect  .   h - +3 ring of intelligence
rCorr    .         Harm     .   k - ring of stealth
MR       .....     NoTele   +   l - ring of flight (curse)
Stlth    +++++++++.             i - ring of protection from fire
HPRegen  0.25/turn              p - +4 ring of dexterity
MPRegen  0.19/turn              q - ring of protection from cold
                                (no ring)
                                (no ring)

@: blade tentacles (expiring), very slow
A: almost no armour, stealthy swim, amphibious, 8 rings, constrict 8, icy blue
scales 1, camouflage 1, agile 1, low mp 1, screaming 1, gelatinous body 1
a: End Transformation, Bend Time, Temporal Distortion, Slouch, Step From Time,
Renounce Religion, Evoke Flight


You were in the Dungeon.
You worshipped Cheibriados.
Cheibriados was extremely pleased with you.
You were not hungry.
You had blades for tentacles.
You visited 1 branch You collected 2502 gold pieces.
You spent 2094 gold pieces at shops.

Inventory:

Missiles
 a - 66 arrows
Armour
 j - a +2 buckler (melded)
 m - a +2 hat of see invisible (worn)
Jewellery
 h - a +3 ring of intelligence (left scythe-like blade)
 i - a ring of protection from fire (on tentacle)
 k - a ring of stealth (right scythe-like blade)
 l - a cursed ring of flight (on tentacle)
 p - a +4 ring of dexterity (on tentacle)
 q - a ring of protection from cold (on tentacle)
Wands
 o - a wand of scattershot (7)
Scrolls
 r - 4 scrolls of remove curse
Potions
 d - 3 potions of curing
 f - a potion of brilliance
 g - a potion of magic
 n - a potion of cancellation {unknown}
Comestibles
 c - a ration


   Skills:
 + Level 11.3 Fighting
 + Level 11.4 Dodging
 * Level 16.2 Stealth
 + Level 7.0 Shields
 * Level 15.5 Unarmed Combat
 + Level 10.7 Spellcasting
 - Level 14.3 Transmutations
 - Level 3.0 Ice Magic
 + Level 10.1 Invocations


You had 17 spell levels left.
You knew the following spells:

 Your Spells              Type           Power        Failure   Level  Hunger
a - Beastly Appendage     Tmut           ######       3%          1    None
b - Sticks to Snakes      Tmut           #######.     3%          2    None
c - Spider Form           Tmut/Pois      ######....   11%         3    None
d - Ice Form              Ice/Tmut       ######..     13%         4    None
e - Blade Hands           Tmut           #######...   9%          5    ##.....

Your spell library contained the following spells:

 Spells                   Type           Power        Failure   Level  Hunger


Dungeon Overview and Level Annotations

Branches:
Dungeon (1/1)

Altars:
Cheibriados
Dithmenos
Elyvilon
Fedhas
Gozag
Hepliaklqana
Kikubaaqudgha
Makhleb
Nemelex Xobeh
Okawaru
Qazlal
Ru
Sif Muna
Trog
Uskayaw
Vehumet
Wu Jian
Xom
Yredelemnul
Zin
The Shining One
Jiyva
Lugonu

Shops:
D !=!}[[?**?[*[[[[[:%[[


Innate Abilities, Weirdness & Mutations

You cannot wear most types of armour.
You are very stealthy in the water. (Stealth+)
You are amphibious.
You can wear up to eight rings at the same time.
You can use your tentacles to constrict eight enemies at once.
Your skin changes colour to match your surroundings (Stealth+).
Your rubbery body absorbs attacks. (AC +1, EV +1)
You are partially covered in icy blue scales. (AC +2)
You are agile. (Dex +2)
Your magical capacity is low. (-10% MP)
You occasionally shout uncontrollably at your foes.


Message History

You barely miss the fire giant.
The fire giant is heavily wounded.
The fire giant completely misses you.
The fire giant hits you with a +0 great sword of flaming!
* * * LOW HITPOINT WARNING * * *
The fire giant burns you.
* * * LOW HITPOINT WARNING * * *
Okay, then.
Okay, then.
You slash the fire giant! You squeeze the fire giant.
The fire giant is severely wounded.
You slice the fire giant!!
You kill the fire giant!
Cheibriados thoroughly appreciates the change of pace.
Cheibriados raises the support of your attributes as your movement slows.
Your Stealth skill increases to level 16!
Your Shields skill increases to level 7!
Your Invocations skill increases to level 10!
The fire giant hits you with a +0 great sword of flaming!!
You die...

##'###...#^....#..###.#,,≈,**+*,,
##.'.#°..###++##.##...#,,≈**,,,,,
.###.#°○###..###..#'###,,≈*,,,,,,
.∩##§#..####..###...#,≈,,**,,,,,,
####.##'#..#..#.###.#,≈,,*,,,,,,,
..##.##.#.........#.#**,,*,,,,,,,
..§'§####.......○.#.#,+,,**,,,,,,
####§#.['..○...####'#,**'**,,,,,,
...#§#####...###@...#,*≈≈≈**,,,,,
§.#'.#!??#####.C)####,*≈≈≈≈**,,,,
.≈####$........###,,,,*≈≈≈≈≈*****
§≈#*,,!....#####,,,,****≈≈≈≈*≈≈≈≈
≈##*,,...,**,,,,,,,,*,,*'≈≈≈'≈≈,≈
## *,,.,,**,,,,,,,,,*,,,**≈≈*≈≈≈≈
###*,,,,,*,,,,,,,,,,*,,,,******'*
∩∩#***********,,,,,,*,,,,*≈≈≈≈≈≈≈
∩##*≈≈≈≈≈≈≈≈,*,,,,,,*******≈≈≈≈≈≈


You could see a fire giant.

Vanquished Creatures
  A daeva (D)
  3 fire giants (D)
  A lorocyproca (D)
  2 centaur warriors (D)
  Sonja (D)
  7 unseen horrors (D)
  A deep troll (D)
  8 shining eyes (D)
  A lindwurm (D)
  An oklob plant (D)
  A gargoyle (D)
  2 kobold demonologists (D)
  4 demonic crawlers (D)
  A meliai (D)
  A hornet (D)
  A slime creature (D)
  Sigmund (D)
  2 redbacks (D)
  A yak (D)
  13 hogs (D)
  6 floating eyes (D)
  7 necrophages (D)
  An ogre (D)
  8 jellies (D)
  Ijyb (D)
  A ballistomycete spore (D)
77 creatures vanquished.

Vanquished Creatures (others)
  A gargoyle (D)
  A ballistomycete spore (D)
2 creatures vanquished.

Grand Total: 79 creatures vanquished

Notes
Turn   | Place    | Note
-------+----------+-------------------------------------------
     0 | D        | Hugehornet the Octopode Transmuter began the quest for the
                  | Orb.
     0 | D        | Reached XP level 1. HP: 13/13 MP: 3/3
     2 | D        | Noticed Ijyb
    15 | D        | Killed Ijyb
    15 | D        | Reached skill level 2 in Stealth
    15 | D        | Reached XP level 2. HP: 13/19 MP: 2/5
    15 | D        | Reached XP level 3. HP: 17/24 MP: 2/6
    53 | D        | Learned a level 2 spell: Sticks to Snakes
    57 | D        | Learned a level 3 spell: Spider Form
   110 | D        | Noticed an ogre
   115 | D        | Killed an ogre
   115 | D        | Reached skill level 4 in Stealth
   115 | D        | Reached skill level 5 in Unarmed Combat
   115 | D        | Reached XP level 4. HP: 30/31 MP: 3/9
   213 | D        | Noticed Sigmund
   223 | D        | Killed Sigmund
   223 | D        | Reached skill level 6 in Stealth
   223 | D        | Reached XP level 5. HP: 37/37 MP: 7/11
   223 | D        | Reached XP level 6. HP: 43/43 MP: 7/12
   265 | D        | Learned a level 4 spell: Ice Form
   277 | D        | Found an ornate altar of the Wu Jian Council.
   277 | D        | Found a shimmering blue altar of Sif Muna.
   279 | D        | Found a radiant altar of Vehumet.
   284 | D        | Reached skill level 1 in Ice Magic
   319 | D        | Found Belaolad's Gadget Emporium.
   319 | D        | Found an ancient bone altar of Kikubaaqudgha.
   319 | D        | Found a hazy altar of Hepliaklqana.
   319 | D        | Found a stormy altar of Qazlal.
   319 | D        | Found a hide-covered altar of Uskayaw.
   319 | D        | Found a blossoming altar of Fedhas.
   319 | D        | Found a bloodstained altar of Trog.
   319 | D        | Found an iron altar of Okawaru.
   319 | D        | Found a basalt altar of Yredelemnul.
   319 | D        | Found a glowing golden altar of the Shining One.
   319 | D        | Found a snail-covered altar of Cheibriados.
   319 | D        | Found a sacrificial altar of Ru.
   319 | D        | Found a glowing silver altar of Zin.
   319 | D        | Found a shadowy altar of Dithmenos.
   319 | D        | Found a white marble altar of Elyvilon.
   319 | D        | Noticed a yak
   320 | D        | Found an opulent altar of Gozag.
   328 | D        | Killed a yak
   328 | D        | Reached skill level 5 in Dodging
   328 | D        | Reached XP level 7. HP: 28/49 MP: 10/14
   330 | D        | Found a sparkling altar of Nemelex Xobeh.
   336 | D        | Became a worshipper of Cheibriados the Contemplative
   463 | D        | Noticed Sonja
   468 | D        | Killed Sonja
   468 | D        | Reached skill level 8 in Stealth
   468 | D        | Reached XP level 8. HP: 57/57 MP: 10/17
   602 | D        | Found Tuinn's Distillery.
   626 | D        | Learned a level 5 spell: Blade Hands
   629 | D        | Noticed a deep troll
   635 | D        | Killed a deep troll
   635 | D        | Reached skill level 9 in Stealth
   635 | D        | Reached skill level 10 in Unarmed Combat
   712 | D        | Noticed a shining eye
   712 | D        | Noticed a shining eye
   712 | D        | Noticed a shining eye
   737 | D        | Noticed a shining eye
   742 | D        | Paralysed by a floating eye for 3 turns
   746 | D        | Gained mutation: Your magical capacity is low. (-10% MP) [a
                  | shining eye]
   748 | D        | Killed a shining eye
   748 | D        | Reached skill level 10 in Transmutations
   748 | D        | Reached XP level 9. HP: 63/63 MP: 12/17
   748 | D        | Paralysed by a floating eye for 4 turns
   753 | D        | Reached * piety under Cheibriados
   753 | D        | Reached skill level 10 in Stealth
   798 | D        | Paralysed by a floating eye for 3 turns
   831 | D        | Killed a shining eye
   871 | D        | Killed a gargoyle
   874 | D        | Killed a shining eye
   912 | D        | Noticed a shining eye
   912 | D        | Noticed a shining eye
   919 | D        | Gained mutation: You are clumsy. (Dex -2) [a shining eye]
   922 | D        | Gained mutation: You tend to lose your temper in combat. [a
                  | shining eye]
   928 | D        | Gained mutation: Your spells are a little easier to cast,
                  | but a little less powerful. [a shining eye]
   929 | D        | Killed a shining eye
   929 | D        | Reached ** piety under Cheibriados
   929 | D        | Reached skill level 11 in Stealth
   929 | D        | Reached XP level 10. HP: 72/72 MP: 13/19
   968 | D        | Noticed a shining eye
   968 | D        | Noticed a shining eye
   985 | D        | Gained mutation: Your muscles are strong. (Str +2) [a
                  | shining eye]
   986 | D        | Killed a shining eye
   986 | D        | Gained mutation: Your body sometimes deteriorates upon
                  | taking damage. [a shining eye]
   989 | D        | Killed a shining eye
   989 | D        | Reached skill level 5 in Invocations
  1038 | D        | Killed a shining eye
  1040 | D        | Reached *** piety under Cheibriados
  1048 | D        | Killed a shining eye
  1086 | D        | Found Xuaseteg's Antique Armour Shop.
  1086 | D        | Found Entu Wukk's Antique Armour Boutique.
  1087 | D        | Found Syrum's Jewellery Shoppe.
  1087 | D        | Found Suopt's Distillery.
  1092 | D        | Bought a potion of mutation for 96 gold pieces
  1092 | D        | Bought a potion of mutation for 96 gold pieces
  1103 | D        | Bought a buckler for 117 gold pieces
  1105 | D        | Lost mutation: Your muscles are strong. (Str +2) [potion of
                  | mutation]
  1105 | D        | Lost mutation: You are clumsy. (Dex -2) [potion of
                  | mutation]
  1105 | D        | Lost mutation: You tend to lose your temper in combat.
                  | [potion of mutation]
  1105 | D        | Gained mutation: You occasionally shout uncontrollably at
                  | your foes. [potion of mutation]
  1105 | D        | Gained mutation: You have a pair of small antennae on your
                  | head. [potion of mutation]
  1105 | D        | Lost mutation: Your body sometimes deteriorates upon taking
                  | damage. [potion of mutation]
  1105 | D        | Gained mutation: You are resistant to hostile enchantments.
                  | (MR+) [potion of mutation]
  1106 | D        | Lost mutation: You have a pair of small antennae on your
                  | head. [potion of mutation]
  1106 | D        | Lost mutation: You are resistant to hostile enchantments.
                  | (MR+) [potion of mutation]
  1106 | D        | Lost mutation: Your spells are a little easier to cast, but
                  | a little less powerful. [potion of mutation]
  1106 | D        | Gained mutation: You are agile. (Dex +2) [potion of
                  | mutation]
  1106 | D        | Gained mutation: You are partially covered in icy blue
                  | scales. (AC +2) [potion of mutation]
  1112 | D        | Bought a +3 ring of intelligence for 172 gold pieces
  1112 | D        | Bought an uncursed ring of stealth for 192 gold pieces
  1232 | D        | Bought a potion of heal wounds for 65 gold pieces
  1288 | D        | Found Yhuesm's Armour Emporium.
  1311 | D        | Noticed a centaur warrior
  1311 | D        | Noticed a centaur warrior
  1313 | D        | Killed a centaur warrior
  1313 | D        | Reached **** piety under Cheibriados
  1313 | D        | Reached skill level 12 in Stealth
  1315 | D        | Killed a centaur warrior
  1334 | D        | Reached XP level 11. HP: 78/78 MP: 15/21
  1344 | D        | Noticed an oklob plant
  1351 | D        | Killed an oklob plant
  1351 | D        | Reached ***** piety under Cheibriados
  1398 | D        | Reached ****** piety under Cheibriados
  1404 | D        | Killed an unseen horror
  1428 | D        | Killed an unseen horror
  1428 | D        | Reached skill level 5 in Shields
  1492 | D        | Found Hodauvu's Assorted Antiques.
  1492 | D        | Found Isagihitt's Magic Scroll Shop.
  1492 | D        | Found Kiafeum's General Store.
  1494 | D        | Found Veuchar's Magic Scroll Emporium.
  1494 | D        | Found Pekkeg's Antique Armour Shop.
  1494 | D        | Found Coracw's General Store.
  1494 | D        | Found Denunu's Armour Boutique.
  1494 | D        | Found Wonallil's Armour Emporium.
  1494 | D        | Found Koupladd's Armour Shop.
  1494 | D        | Found Xudohil's Antique Armour Shoppe.
  1495 | D        | Found Muggam's Antique Armour Boutique.
  1496 | D        | Found Meffocw's Food Emporium.
  1496 | D        | Found Inugewki's Book Boutique.
  1497 | D        | Found Mehi's Armour Emporium.
  1520 | D        | Bought an opal ring for 90 gold pieces
  1586 | D        | Found a burning altar of Makhleb.
  1586 | D        | Found a viscous altar of Jiyva.
  1586 | D        | Found a shimmering altar of Xom.
  1586 | D        | Found a corrupted altar of Lugonu.
  1589 | D        | Reached skill level 13 in Stealth
  1637 | D        | Bought a glowing hat for 168 gold pieces
  1742 | D        | Reached skill level 10 in Dodging
  2027 | D        | Noticed a lindwurm
  2036 | D        | Killed a lindwurm
  2095 | D        | Bought a potion of heal wounds for 60 gold pieces
  2142 | D        | Bought a potion of heal wounds for 65 gold pieces
  2142 | D        | Bought a potion of heal wounds for 65 gold pieces
  2189 | D        | Reached skill level 10 in Fighting
  2205 | D        | Reached XP level 12. HP: 63/87 MP: 21/23
  2357 | D        | Bought a scroll of magic mapping for 45 gold pieces
  2461 | D        | Noticed a lorocyproca
  2472 | D        | Killed a lorocyproca
  2472 | D        | Reached skill level 14 in Stealth
  3010 | D        | Bought a +4 ring of dexterity for 297 gold pieces
  3061 | D        | Bought a scroll of enchant armour for 97 gold pieces
  3065 | D        | Bought a scroll of enchant armour for 97 gold pieces
  3065 | D        | Bought a scroll of enchant armour for 97 gold pieces
  3122 | D        | Bought an uncursed ring of protection from cold for 275
                  | gold pieces
  3175 | D        | Noticed a daeva
  3184 | D        | Reached skill level 10 in Spellcasting
  3258 | D        | Killed a daeva
  3258 | D        | Reached skill level 15 in Stealth
  3258 | D        | Reached skill level 15 in Unarmed Combat
  3502 | D        | Noticed a fire giant
  3508 | D        | Noticed a fire giant
  3509 | D        | Noticed a fire giant
  3510 | D        | Noticed a fire giant
  3520 | D        | Killed a fire giant
  3523 | D        | Killed a fire giant
  3528 | D        | Killed a fire giant
  3528 | D        | Reached skill level 16 in Stealth
  3528 | D        | Reached skill level 10 in Invocations
  3528 | D        | Demolished by a fire giant

Levels and vault maps discovered:
D:        dungeon_sprint_1 [red_sonja_temple_1, red_sonja_temple_small_1]

Skill      XL: |  1  2  3  4  5  6  7  8  9 10 11 12 |
---------------+-------------------------------------+-----
Fighting       | 2 3 4 6 7 8 10 11 | 11.3
Stealth        | 2 4 6 8 9 11 12 13 16 | 16.2
Unarmed Combat | 4 5 7 9 10 11 12 14 15 | 15.5
Transmutations | 3 4 6 7 9 10 11 12 14 | 14.3
Dodging        | 3 4 5 6 7 8 9 10 11 | 11.4
Spellcasting   | 3 4 6 7 8 9 10 | 10.7
Ice Magic      | 3 |  3.0
Invocations    | 2 4 6 8 10 | 10.1
Shields        | 3 5 7 |  7.0

Action                   |  1- 3 |  4- 6 |  7- 9 | 10-12 || total
-------------------------+-------+-------+-------+-------++-------
Melee: Unarmed           |    15 |    18 |    27 |   119 ||   179
       Kick              |     5 |     2 |       |       ||     7
       Tentacles         |     4 |       |     5 |    38 ||    47
       Constrict         |     1 |       |     7 |    21 ||    29
       Punch             |     1 |       |       |    17 ||    18
 Cast: Beastly Appendage |     1 |     1 |     1 |       ||     3
       Spider Form       |     1 |     2 |       |       ||     3
       Ice Form          |       |       |     2 |     5 ||     7
       Blade Hands       |       |       |     6 |    21 ||    27
       Sticks to Snakes  |       |       |       |     3 ||     3
Invok: Slouch            |       |       |       |     9 ||     9
 Abil: End Transformatio |       |       |     5 |    10 ||    15
  Use: Potion            |     2 |       |       |     9 ||    11
       Scroll            |       |       |       |     7 ||     7
 Stab: Sleeping          |       |     2 |     2 |    15 ||    19
  Eat: Ration            |       |       |     1 |     2 ||     3
       Chunk             |       |       |       |     1 ||     1
Armor: Skin              |       |       |     1 |     8 ||     9
Dodge: Dodged            |     7 |    10 |     4 |   135 ||   156
Block: Buckler           |       |       |       |     2 ||     2
